 Dungeon Crawl Stone Soup version 0.30-a0-867-g305f33218d (webtiles) character file.

Game seed: 11993486320775592269

33 bobarctor the Magician (level 3, -1/19 HPs)
             Began as a Deep Elf Hedge Wizard on Mar 10, 2023.
             Slain by an adder (3 damage)
             ... on level 4 of the Dungeon.
             The game lasted 00:06:46 (1427 turns).

bobarctor the Magician (Deep Elf Hedge Wizard)      Turns: 1427, Time: 00:06:47

Health: -1/19      AC:  2    Str:  7    XL:     3   Next: 12%
Magic:  7/11       EV: 12    Int: 20    God:
Gold:   34         SH:  0    Dex: 14    Spells: 4/12 levels left

rFire   . . .      SeeInvis .    h - +2 dagger (drain)
rCold   . . .      Faith    .    (no shield)
rNeg    . . .      Spirit   .    b - +0 robe
rPois   .          Reflect  .    c - +0 hat
rElec   .          Rampage  .    (no cloak)
rCorr   .                        (no gloves)
Will    .....                    (no boots)
Stlth   ++                       (no amulet)
HPRegen 0.23/turn                (no ring)
MPRegen 0.12/turn                (no ring)

@: lethally poisoned (-1 -> -4), very slightly contaminated
A: no striking features
a: no special abilities


You were on level 4 of the Dungeon.
You visited 1 branch of the dungeon, and saw 4 of its levels.

You collected 34 gold pieces.

Inventory:

Hand Weapons
 a - a +0 dagger
 h - a +2 dagger of draining (weapon)
Missiles
 i - 10 stones
Armour
 b - a +0 robe (worn)
 c - a +0 hat (worn)
 l - a +0 pair of boots
Scrolls
 e - a scroll of identify
 f - 3 scrolls of amnesia
Potions
 d - a potion of magic
 g - a potion of curing
 j - a potion of degeneration {unknown}
 k - a potion of mutation {unknown}


   Skills:
 + Level 0.1 Fighting
 + Level 2.8 Dodging
 + Level 2.7 Stealth
 * Level 5.4 Spellcasting
 + Level 1.1 Conjurations
 + Level 1.2 Summonings
 + Level 1.1 Translocations


You had 4 spell levels left.
You knew the following spells:

 Your Spells              Type           Power      Damage    Failure   Level
a - Magic Dart            Conj           40%        1d5       7%          1
b - Blink                 Tloc           18%        N/A       11%         2
c - Call Imp              Summ           10%        N/A       10%         2
d - Cigotuvi's Dreadful   Necr/Pois/Air  10%        N/A       17%         2
e - Slow                  Hex            20%        N/A       11%         1

Your spell library contained the following spells:

 Spells                   Type           Power      Damage    Failure   Level
 Gell's Gravitas          Tloc           9%         N/A       22%         3
 Mephitic Cloud           Conj/Pois/Air  7%         N/A       28%         3
 Fulminant Prism          Conj/Hex       3%         3d5       65%         4
 Arcjolt                  Conj/Air       3%         1d13      94%         5


Dungeon Overview and Level Annotations

Branches:
Dungeon (4/15)
 Temple: D:4-7

Altars:

Annotations:
D:2 Sigmund


Message History

Confirm with . or Enter, or press ? or * to list all spells.
Aiming: Magic Dart (safe; 7% risk of failure)
Press: ? - help, Shift-Dir - straight line, f - adder
Aim: an adder (100% to hit)
You miscast Magic Dart.
You are very lightly contaminated with residual magic.
Nothing appears to happen.
You feel sick. The adder misses you. The adder barely misses you.
Unknown command.
Casting: Magic Dart (safe; 7% risk of failure)
Confirm with . or Enter, or press ? or * to list all spells.
Aiming: Magic Dart (safe; 7% risk of failure)
Press: ? - help, Shift-Dir - straight line, f/p - adder
Aim: an adder (100% to hit)
The magic dart hits the adder.
The adder is heavily wounded.
* * * LOW HITPOINT WARNING * * *
You feel sick. The adder bites you but does no damage.
Casting: Magic Dart (safe; 7% risk of failure)
Confirm with . or Enter, or press ? or * to list all spells.
Aiming: Magic Dart (safe; 7% risk of failure)
Press: ? - help, Shift-Dir - straight line, f/p - adder
Aim: an adder (heavily wounded, 100% to hit)
The magic dart hits the adder.
The adder is severely wounded.
* * * LOW HITPOINT WARNING * * *
You feel sick. The adder misses you.
Unknown command.
Casting: Magic Dart (safe; 7% risk of failure)
Confirm with . or Enter, or press ? or * to list all spells.
Aiming: Magic Dart (safe; 7% risk of failure)
Press: ? - help, Shift-Dir - straight line, f/p - adder
Aim: an adder (severely wounded, 100% to hit)
The magic dart hits the adder but does no damage.
The adder is severely wounded.
* * * LOW HITPOINT WARNING * * *
You feel sick. The adder bites you.
* * * LOW HITPOINT WARNING * * *
The adder bites you.
You die...

#.. #.#
##.# #..#
#..#
#..#####..
#....<....
#.@# #S#.#
#. ..# #.
.#.# #[
.#... #.
.. .## ##
.. . .. ##


You could see an adder.

Vanquished Creatures
  An orc (D:3)
  3 ball pythons
  2 endoplasms
  A giant cockroach (D:1)
  4 goblins
  3 hobgoblins
  A kobold (D:1)
  2 quokkas
  7 bats
  A frilled lizard (D:1)
  A rat (D:3)
26 creatures vanquished.

Vanquished Creatures (others)
  A plant (D:3)
1 creature vanquished.

Grand Total: 27 creatures vanquished

Notes
Turn   | Place    | Note
-------+----------+-------------------------------------------
     0 | D:1      | bobarctor the Deep Elf Hedge Wizard began the quest for the
                  | Orb.
     0 | D:1      | Reached XP level 1. HP: 10/10 MP: 7/7
     2 | D:1      | Noticed a demigod
     4 | D:1      | Noticed an ogre
     4 | D:1      | Noticed a vampire
     6 | D:1      | Noticed a demonspawn
     6 | D:1      | Noticed a merfolk
     8 | D:1      | Noticed an octopode
     8 | D:1      | Noticed a draconian
    10 | D:1      | Noticed a vine stalker
    10 | D:1      | Noticed a troll
    12 | D:1      | Noticed a formicid
    12 | D:1      | Noticed a spriggan
    14 | D:1      | Noticed a human
    14 | D:1      | Noticed a meteoran
    16 | D:1      | Noticed a ghoul
    16 | D:1      | Noticed an armataur
    18 | D:1      | Noticed an elf
    18 | D:1      | Noticed a minotaur
    20 | D:1      | Noticed a tengu
    20 | D:1      | Noticed a gargoyle
    22 | D:1      | Noticed a naga
    24 | D:1      | Noticed a demonspawn
    24 | D:1      | Noticed a felid
    26 | D:1      | Noticed an ogre
    26 | D:1      | Noticed a minotaur
   407 | D:1      | Reached XP level 2. HP: 15/15 MP: 4/9
   575 | D:1      | Reached skill level 5 in Spellcasting
   907 | D:1      | Got the Lectures on Planar Bolts
  1084 | D:2      | Learned a level 2 spell: Blink
  1133 | D:2      | Noticed Sigmund
  1138 | D:2      | Learned a level 2 spell: Call Imp
  1141 | D:2      | Learned a level 2 spell: Cigotuvi's Dreadful Rot
  1143 | D:2      | Learned a level 1 spell: Slow
  1311 | D:3      | Reached XP level 3. HP: 17/17 MP: 8/11
  1427 | D:4      | Slain by an adder

Illustrated notes

Levels and vault maps discovered:
D:1:      kb_arrival_jail, layout_loops_ring
D:2:      layout_basic, serial_shops, nicolae_shop_crystal,
          nicolae_underground_beach, uniq_sigmund
D:3:      layout_rooms, zin_angel, lemuel_blue_sif_altar, portal_sewer_entry_b,
          serial_bayou_ford_a, minmay_goblin_outpost
D:4:      layout_loops_ring, kennysheep_little_box, gammafunk_ghost_smash

Skill      XL: |  1  2 |
---------------+-------+-----
Spellcasting   | 5 |  5.4
Fighting       | |  0.1
Dodging        | |  2.8
Stealth        | |  2.7
Conjurations   | |  1.1
Summonings     | |  1.2
Translocations | |  1.1

Action                     || total
---------------------------++-------
  Melee: Dagger            ||     3
   Cast: Magic Dart        ||    71
         Slow              ||     1
         Cigotuvi's Dreadf ||     1
    Use: Scroll            ||     3
 Armour: Robe              ||     2
  Dodge: Dodged            ||    21

Table legend: (Time is in decaauts)
 A = Elapsed time spent in this place.
 B = Non-inter-level travel time spent in this place.
 C = Inter-level travel time spent in this place.
 D = Time resting spent in this place.
 E = Time spent auto-exploring this place.
 F = Levels seen in this place.
 G = Mean time per level.
                   A        B        C        D        E       F      G
               +--------+--------+--------+--------+--------+-----+--------+
         Total |   1425 |   1387 |     38 |    310 |    886 |   4 |  356.2 |
       Dungeon |   1425 |   1387 |     38 |    310 |    886 |   4 |  356.2 |
               +--------+--------+--------+--------+--------+-----+--------+

Top non-repeatable levels by time:
     D:1: 1075 daAuts
     D:3: 258 daAuts
     D:2: 87 daAuts
     D:4: 3 daAuts
